 Dungeon Crawl Stone Soup version 0.29.1-13-g9f3cf754e1 (webtiles) character file.

Game seed: 7813369875358316124

4 Exodus22XD the Trooper (level 1, 20/20 HPs)
             Began as a Minotaur Fighter on Feb 4, 2023.
             Was a Follower of Cheibriados.
             Quit the game on level 1 of the Dungeon.
             The game lasted 00:00:23 (222 turns).

Exodus22XD the Trooper (Minotaur Fighter)            Turns: 222, Time: 00:00:24

Health: 20/20      AC: 11    Str: 22    XL:     1   Next: 58%
Magic:  0/0        EV:  9    Int:  7    God:    Cheibriados [*.....]
Gold:   20         SH:  4    Dex: 11    Spells: 0/0 levels left

rFire   . . .      SeeInvis .   a - +0 war axe
rCold   . . .      Faith    .   c - +0 buckler
rNeg    . . .      Spirit   .   b - +0 scale mail
rPois   .          Reflect  .   (helmet restricted)
rElec   .          Harm     .   (no cloak)
rCorr   .          Rampage  .   (no gloves)
Will    .....                   (no boots)
Stlth   ..........              (no amulet)
HPRegen 0.06/turn               e - +4 ring of protection
MPRegen 0.07/turn               (no ring)

@: very slow
A: horns 2, retaliatory headbutt
a: Renounce Religion, Bend Time


You were on level 1 of the Dungeon.
You worshipped Cheibriados.
Cheibriados was aware of your devotion.
You visited 1 branch of the dungeon, and saw 1 of its levels.

You collected 20 gold pieces.

Inventory:

Hand Weapons
 a - a +0 war axe (weapon)
Armour
 b - a +0 scale mail (worn)
 c - a +0 buckler (worn)
Jewellery
 e - a +4 ring of protection (left hand)
Scrolls
 f - 3 scrolls of identify {unknown}
 h - a scroll of magic mapping {unknown}
Potions
 d - a potion of might
 g - a potion of heal wounds {unknown}
 i - a potion of attraction {unknown}


   Skills:
 + Level 3.8 Fighting
 + Level 2.4 Axes
 + Level 3.7 Armour
 + Level 3.7 Shields


You couldn't memorise any spells.
You didn't know any spells.
Your spell library was empty.

Dungeon Overview and Level Annotations

Branches:
Dungeon (1/15)

Altars:
Cheibriados


Innate Abilities, Weirdness & Mutations

You have a pair of horns on your head.
You reflexively headbutt those who attack you in melee.


Message History

f - a scroll labelled AVUTZICHYH No target in view!
No target in view!
You now have 20 gold pieces (gained 9).
Found a stone staircase leading down.
No target in view!
e - a +4 ring of protection (left hand)
Found 5 stones.
No target in view!
No target in view!
Found 2 stones.
No target in view!
f - 2 scrolls labelled AVUTZICHYH (gained 1)
You see here 2 stones.
Found a robe.
Found a stone staircase leading down.
No target in view!
There is a stone staircase leading down here.
g - a gluggy clear potion No target in view!
No target in view!
h - a scroll labelled UVUEL DUROKA No target in view!
No target in view!
There is a stone staircase leading down here.
Found a faded altar of an unknown god.
No target in view!
No target in view!
There is a faded altar of an unknown god here.
i - a blue potion No target in view!
f - 3 scrolls labelled AVUTZICHYH (gained 1)
There is a faded altar of an unknown god here.
You cannot tell which god this altar belongs to.
Convert to them anyway?
Cheibriados accepts your prayer! Cheibriados welcomes you!
Cheibriados begins to support your attributes as your movement slows.
Cheibriados is now slowing the effects of poison on you.
You can now bend time to slow others.
Cheibriados raises the support of your attributes as your movement slows.
Are you sure you want to abandon this character and quit the game? (Confirm with "yes".)

#### #... #... ###... #####
#####..[.. #...#
####.....#...
#...############....#####.>.
#..........@.....#### #....
#....############# #.###
####....#### ##.#
#............. #..#
....##...#..#### ##### #.##
... #...##....
#..#.####.#### #. #...# ####
............. . #...#
##........>. #####
#......(...


There were no monsters in sight!

Vanquished Creatures
  An endoplasm (D:1)
  A goblin (D:1)
  A quokka (D:1)
  A ball python (D:1)
4 creatures vanquished.

Notes
Turn   | Place    | Note
-------+----------+-------------------------------------------
     0 | D:1      | Exodus22XD the Minotaur Fighter began the quest for the
                  | Orb.
     0 | D:1      | Reached XP level 1. HP: 19/19 MP: 0/0
   185 | D:1      | Found a faded altar of an unknown god.
   221 | D:1      | Prayed at the altar of an unknown god.
   221 | D:1      | Became a worshipper of Cheibriados the Contemplative
   221 | D:1      | Reached * piety under Cheibriados
   222 | D:1      | Quit the game

Illustrated notes

Levels and vault maps discovered:
D:1:      ncdulo_halloftheorcs, layout_rooms, basic_ecumenical_altar,
          minmay_misc_feat_diagonals, minmay_domino_2

Action                   || total
-------------------------++-------
Melee: War axe           ||    10
Armor: Scale mail        ||     3
Dodge: Dodged            ||     7
Block: Buckler           ||     3
